 Dungeon Crawl Stone Soup version 0.28-a0-691-gad6df49e81 (webtiles) character file.

Game seed: 16596869154110622375

4568 cheechan the Cleaver (level 10, -2/92 HPs)
             Began as a Naga Chaos Knight on Oct 22, 2021.
             Was a Plaything of Xom.
             Slain by Harold (13 damage)
             ... on level 10 of the Dungeon.
             The game lasted 00:47:39 (9516 turns).

cheechan the Cleaver (Naga Chaos Knight)            Turns: 9516, Time: 00:47:40

Health: -2/92      AC: 17    Str: 20    XL:     10   Next: 41%
Magic:  10/10      EV: 11    Int: 15    God:    Xom [...*..]
Gold:   398        SH:  0    Dex: 11    Spells: 9/9 levels left

rFire   . . .      SeeInvis +   u - +3 battleaxe (freeze)
rCold   . . .      Faith    .   (shield currently unavailable)
rNeg    . . .      Spirit   .   y - +2 scale mail {Will+}
rPois   +          Reflect  .   (no helmet)
rElec   .          Harm     .   l - +0 cloak
rCorr   .          Rampage  .   N - +0 pair of gloves {Str+3}
Will    ++...      Clarity  +   F - +0 barding
Stlth   ++........              (no amulet)
HPRegen 0.25/turn               g - +4 ring of evasion
MPRegen 0.12/turn               E - ring of see invisible

@: short of breath, marked, hasted, quick
A: AC +3, large, see invisible, deformed body, poison resistance, slowness 2,
spit poison 1, naga tail 1, clarity, clever 1, mutation resistance 1, screaming
1
a: Spit Poison, Renounce Religion


You were on level 10 of the Dungeon.
You worshipped Xom.
You were a favourite toy of Xom.
You visited 2 branches of the dungeon, and saw 11 of its levels.
You also visited: Sewer.

You collected 398 gold pieces.

Inventory:

Hand Weapons
 a - a +0 hand axe of chaos
 h - a +5 war axe
 k - a +3 quarterstaff of chaos
 m - a +1 mace of protection
 u - a +3 battleaxe of freezing (weapon)
 H - a +0 hand crossbow
 J - a +0 shortbow
Missiles
 d - 231 stones
 i - 111 arrows
 o - 64 sling bullets
 t - 12 poisoned darts
 z - 84 bolts
 L - a silver boomerang
Armour
 b - a +2 leather armour
 j - a +0 troll leather armour {Purgy}
 l - a +0 cloak (worn)
 p - a +0 buckler
 y - a +2 scale mail of willpower (worn)
 F - a +0 barding (worn)
 N - a +0 pair of gloves of strength (worn)
Magical Staves
 f - a staff of air
 K - a staff of earth
Jewellery
 c - a ring of magical power
 g - a +4 ring of evasion (left hand)
 E - a ring of see invisible (right hand)
 G - a +4 ring of protection
Wands
 x - a wand of flame (10)
 A - a wand of iceblast (8)
 B - a wand of acid (9)
 D - a wand of paralysis (16)
Scrolls
 e - 2 scrolls of immolation
 q - a scroll of magic mapping
 w - a scroll of vulnerability {unknown}
 C - a scroll of fear
Potions
 n - a potion of haste
 r - 3 potions of flight
 s - 2 potions of cancellation
 v - a potion of curing
 M - a potion of attraction {unknown}


   Skills:
 + Level 6.6 Fighting
 + Level 9.3 Axes
 + Level 1.6 Staves
 + Level 1.2 Crossbows
 + Level 6.0 Armour
 + Level 4.3 Dodging
 + Level 6.8 Stealth
 + Level 2.0 Shields


You had 9 spell levels left.
You didn't know any spells.
Your spell library contained the following spells:

 Spells                   Type           Power      Damage    Failure   Level
 Conjure Flame            Conj/Fire      0%         6-21      91%         3
 Ignite Poison            Fire/Tmut/Pois 0%         N/A       91%         3
 Passage of Golubria      Tloc           0%         N/A       100%        4
 Petrify                  Tmut/Erth      0%         N/A       100%        4
 Sticky Flame             Conj/Fire      0%         2d3       100%        4
 Metabolic Englaciation   Hex/Ice        0%         N/A       100%        5
 Silence                  Hex/Air        0%         N/A       100%        5
 Statue Form              Tmut/Erth      0%         N/A       100%        6
 Lehudib's Crystal Spear  Conj/Erth      0%         10d2      100%        8
 Chain Lightning          Conj/Air       0%         N/A       100%        9
 Fire Storm               Conj/Fire      0%         5d1       100%        9
 Shatter                  Erth           0%         3d5*      100%        9


Dungeon Overview and Level Annotations

Branches:
Dungeon (11/15)            Temple (1/1) D:6             Orc (0/2) D:10
  Sewer (visited)
   Lair: D:8-11

Altars:
Ashenzari
Cheibriados
Dithmenos
Elyvilon
Fedhas
Gozag
Hepliaklqana
Kikubaaqudgha
Makhleb
Nemelex Xobeh
Okawaru
Qazlal
Ru
Sif Muna
Trog
Uskayaw
Wu Jian
Xom
Yredelemnul
Zin
The Shining One
Beogh

Shops:
D:2 (

Annotations:
D:10 Harold


Innate Abilities, Weirdness & Mutations

Your serpentine skin is tough. (AC +3)
You have supernaturally acute eyesight. (SInv)
Armour fits poorly on your strangely shaped body.
Your system is resistant to poisons. (rPois)
You cover ground very slowly.
You can spit poison.
You have a snake-like lower body.
You possess an exceptional clarity of mind.
Your mind is acute. (Int +2)
You are somewhat resistant to further mutation.
You occasionally shout uncontrollably at your foes.


Message History

The ground is no longer liquid beneath you.
You see here a throwing net.
Harold fires a harpoon shot at you.
The harpoon shot hits you but does no damage.
The orc priest invokes the aid of Beogh against you.
Beogh smites you!
* * * LOW HITPOINT WARNING * * *
You are confused.
You feel invigorated.
Found an encrusted wooden ring.
You slash Harold! You freeze Harold.
Harold is severely wounded.
Harold hits you with a +0 hand axe.
* * * LOW HITPOINT WARNING * * *
You feel less invigorated.
You feel less confused.
The orc priest mumbles some strange prayers to Beogh against you.
Beogh smites you!
* * * LOW HITPOINT WARNING * * *
Found 15 gold pieces.
The orc priest looks satisfied for a moment.
Harold casts a spell at you.
You barely resist.
You see here 15 gold pieces.
The orc priest looks braver for a moment.
Found 9 stones.
Abil: Spit Poison
Press: ? - help, Q - select action, (/) - cycle Shift-Dir - straight line, f/p - Harold
Aim: Harold, wielding a +0 hand axe and wearing a +0 chain mail (severely wounded)
The splash of poison hits Harold but does no damage.
Harold is poisoned.
Harold is severely wounded.
Harold casts a spell at you. The mark upon you grows brighter.
Harold hits you with a +0 hand axe!
* * * LOW HITPOINT WARNING * * *
You slash Harold! You freeze Harold!
Harold is almost dead.
Harold hits you with a +0 hand axe!
You die...

##.#.....#......######
#####.# ##)8.....#.#.####
#.$.@.# #..))....#....#
#@##### #.)8..⌠..#.##.# #.#
.).#.....#.##.# ########.#
.#.#.....#....# #.@.@..o.#
.#.#8._.>###.. #.#####..#
)#.#.....#....####o##.....#
...#.....# #....@@..(.##.##
...8..⌠..# #######.#####.#
...' ∆ #.# #.# ...8 #.. ..#
#### ###


You could see Harold (poisoned) and an orc priest.

Vanquished Creatures
  A komodo dragon (D:10)
  2 trolls
  A water moccasin (D:6)
  Purgy (Sewer)
  6 orc warriors
  A sky beast (D:7)
  A black bear (D:5)
  3 ogres
  A centaur (D:7)
  A phantom (D:7)
  A kobold brigand (D:7)
  2 bullfrogs (D:6)
  A gnoll sergeant (D:7)
  5 scorpions
  5 wights
  4 howler monkeys
  A bullfrog zombie (D:6)
  2 jellies
  2 centaur zombies
  A bullfrog skeleton (D:5)
  3 hounds
  5 orc priests
  3 centaur skeletons
  Jessica (D:2)
  Natasha (D:3)
  Terence (D:3)
  3 iguanas
  6 orc wizards
  2 scorpion zombies (D:5)
  2 hound skeletons
  10 adders
  A shadow imp (D:7)
  2 dart slugs
  34 orcs
  9 endoplasms
  4 giant cockroaches
  4 goblins
  6 hobgoblins
  4 jackals
  5 quokkas
  6 ball pythons
  7 bats
  4 frilled lizards
  6 kobolds
  6 rats
177 creatures vanquished.

Vanquished Creatures (collateral kills)
  2 necrophages (D:5)
  A scorpion (D:4)
  An orc wizard (D:3)
  A river rat (D:3)
  An adder (D:5)
  3 orcs (D:3)
  A goblin (D:4)
  A bat (D:1)
  A rat (D:3)
12 creatures vanquished.

Vanquished Creatures (others)
  An orc wizard (D:10)
1 creature vanquished.

Grand Total: 190 creatures vanquished

Notes
Turn   | Place    | Note
-------+----------+-------------------------------------------
     0 | D:1      | cheechan the Naga Chaos Knight began the quest for the Orb.
     0 | D:1      | Reached XP level 1. HP: 21/21 MP: 1/1
   102 | D:1      | XOM: cloud trail
   137 | D:1      | Reached XP level 2. HP: 24/28 MP: 2/2
   236 | D:1      | Found a faded altar of an unknown god.
   456 | D:1      | Reached skill level 1 in Dodging
   651 | D:1      | Reached XP level 3. HP: 34/34 MP: 3/3
   769 | D:1      | XOM: give mutations
   769 | D:1      | Gained mutation: Your mind is acute. (Int +2) [Xom's grace]
   769 | D:1      | Gained mutation: You are somewhat resistant to further
                  | mutation. [Xom's grace]
   769 | D:1      | Gained mutation: You possess an exceptional clarity of
                  | mind. [Xom's grace]
   769 | D:1      | Gained mutation: You are agile. (Dex +2) [Xom's grace]
   791 | D:2      | Found Nufoboma's Antique Weapon Emporium.
   983 | D:2      | Noticed Jessica
   989 | D:2      | Killed Jessica
   990 | D:2      | Reached XP level 4. HP: 42/44 MP: 4/4
  1207 | D:2      | Found a runed translucent door.
  1208 | D:2      | Noticed Crazy Yiuf
  1218 | D:2      | Noticed Crazy Yiuf
  1218 | D:2      | Crazy Yiuf changed into Crazy Yiuf the iguana
  1218 | D:2      | XOM: polymorph Crazy Yiuf -> Crazy Yiuf the iguana
  1226 | D:2      | Noticed Crazy Yiuf
  1226 | D:2      | Crazy Yiuf the iguana changed into Crazy Yiuf the bat
  1226 | D:2      | XOM: polymorph Crazy Yiuf the iguana -> Crazy Yiuf the bat
  1234 | D:2      | Killed Crazy Yiuf the bat
  1730 | D:2      | XOM: enchant monster (good)
  1790 | D:3      | XOM: scenery: 1 doors open, 1 doors close
  1793 | D:3      | XOM: summons 2 friendly demons
  1811 | D:3      | Found a glowing drain.
  1816 | Sewer    | Entered a sewer
  1829 | Sewer    | XOM: polymorph kobold -> dart slug
  1843 | Sewer    | Reached XP level 5. HP: 44/50 MP: 5/5
  1865 | Sewer    | Noticed Purgy
  1866 | Sewer    | XOM: fake destruction
  1874 | Sewer    | XOM: 2-stop teleportation journey
  1909 | Sewer    | Killed Purgy
  1910 | Sewer    | Reached skill level 1 in Staves
  1910 | Sewer    | Reached skill level 1 in Stealth
  2164 | D:3      | Reached XP level 6. HP: 57/57 MP: 6/6
  2275 | D:3      | XOM: give mutation
  2275 | D:3      | Gained mutation: Your muscles are strong. (Str +2) [Xom's
                  | grace]
  2359 | D:3      | XOM: 3-stop teleportation journey
  2367 | D:3      | XOM: summons friendly sixfirhy
  2575 | D:3      | Noticed Terence
  2580 | D:3      | Killed Terence
  2581 | D:3      | Reached skill level 4 in Axes
  2585 | D:3      | Noticed Natasha
  2593 | D:3      | XOM: god gift: 25 bolts
  2606 | D:3      | Killed Natasha
  2882 | D:3      | XOM: divination: magic mapping
  2923 | D:3      | XOM: god gift: wand of iceblast (8)
  3011 | D:4      | XOM: divination: detect items
  3018 | D:4      | Reached XP level 7. HP: 39/64 MP: 7/7
  3081 | D:4      | XOM: god gift: tapered gold wand {god gift}
  3102 | D:4      | XOM: god gift: wand of paralysis (5)
  3281 | D:4      | Reached skill level 1 in Shields
  3844 | D:4      | XOM: potion effect (brilliance)
  4118 | D:5      | Entered Level 5 of the Dungeon
  4170 | D:5      | XOM: silly message
  4176 | D:5      | Reached skill level 5 in Axes
  4319 | D:5      | Reached XP level 8. HP: 55/73 MP: 8/8
  4500 | D:5      | XOM: god gift: scroll labelled SATITI MEONUL {god gift}
  4691 | D:5      | XOM: god gift: 30 gold pieces
  4772 | D:5      | Found a stormy altar of Qazlal.
  4772 | D:5      | Found a faded altar of an unknown god.
  4780 | D:5      | Found a sacrificial altar of Ru.
  4783 | D:5      | Found an ornate altar of the Wu Jian Council.
  4785 | D:5      | Found a faded altar of an unknown god.
  4995 | D:5      | XOM: draining
  5017 | D:5      | XOM: give mutations
  5017 | D:5      | Gained mutation: You occasionally shout uncontrollably at
                  | your foes. [Xom's mischief]
  5017 | D:5      | Gained mutation: Your spells are a little harder to cast,
                  | but a little more powerful. [Xom's mischief]
  5141 | D:5      | XOM: god gift: hand crossbow {god gift}
  5614 | D:6      | Reached skill level 5 in Stealth
  5664 | D:6      | XOM: 1-stop teleportation journey
  5731 | D:6      | XOM: swap monsters
  5736 | D:6      | Reached skill level 6 in Axes
  5749 | D:6      | Lost mutation: Your spells are a little harder to cast, but
                  | a little more powerful. [potion of mutation]
  5749 | D:6      | Lost mutation: Your muscles are strong. (Str +2) [potion of
                  | mutation]
  5749 | D:6      | Lost mutation: You are agile. (Dex +2) [potion of mutation]
  5837 | D:6      | XOM: butterfly on damage
  5843 | D:6      | Reached skill level 5 in Fighting
  5843 | D:6      | Reached XP level 9. HP: 39/81 MP: 9/9
  5950 | D:6      | Found a staircase to the Ecumenical Temple.
  5953 | D:6      | XOM: blink monster(s)
  5962 | D:6      | XOM: swap monsters
  5974 | D:6      | Reached skill level 1 in Crossbows
  6091 | Temple   | Entered the Ecumenical Temple
  7053 | D:7      | Reached skill level 5 in Armour
  7337 | D:7      | Reached skill level 7 in Axes
  7393 | D:6      | XOM: cast spell 'Dispersal'
  7472 | D:6      | XOM: god gift: 18 gold pieces
  8088 | D:7      | XOM: silly message
  8260 | D:7      | XOM: cloud trail
  8804 | D:8      | You fall into a shaft and drop 3 floors!
  8807 | D:11     | Noticed a troll
  8811 | D:11     | Noticed a boulder beetle
  8817 | D:11     | Killed a troll
  8818 | D:11     | Reached skill level 8 in Axes
  8849 | D:10     | Entered Level 10 of the Dungeon
  8854 | D:10     | Reached XP level 10. HP: 15/91 MP: 10/10
  8900 | D:10     | XOM: noise
  8943 | D:10     | XOM: silly message
  9307 | D:10     | XOM: divination: detect items
  9343 | D:10     | Reached skill level 9 in Axes
  9369 | D:10     | Found a staircase to the Orcish Mines.
  9434 | D:10     | XOM: confuse monster(s)
  9460 | D:10     | Noticed Harold
  9463 | D:10     | Noticed a boulder beetle
  9470 | D:10     | XOM: cast spell 'Leda's Liquefaction'
  9483 | D:10     | XOM: potion effect (haste)
  9516 | D:10     | Slain by Harold

Illustrated notes

Levels and vault maps discovered:
D:1:      lightli_arrival_statue_moat, layout_loops_cross,
          hellmonk_ecumenical_altar_blasted, hangedman_decor_peaks_small,
          corner_web_ring
D:2:      layout_rooms, serial_shops, shop, uniq_crazy_yiuf_cottage,
          uniq_jessica
D:3:      layout_loops_corners, gup_sewer_entry_bowl, serial_shops,
          nicolae_diamond_shop, uniq_natasha, uniq_terence
D:4:      layout_layer_cave
D:5:      layout_cave_pods, chequers_temple_overflow_minitemple,
          hangedman_abyss_or_decor_jellyfish_corner, amcnicky_mini_pool_medium
D:6:      layout_basic, temple_statues
D:7:      layout_cave_pods, minmay_fractal_squares_5
D:8:      layout_loops_cross, grunt_lair_entry_orc_guard_hut, serial_shops,
          nicolae_shop_statue_plus
D:10:     layout_loops_cross, mainiacjoe_overflow_alcove_1, david_orc_5,
          st_stairs_6, minmay_diamond_spiral, uniq_harold
D:11:     layout_cave_pools, serial_shops, shop
Temple:   compressed_dpeg_circular_temple

Skill      XL: |  1  2  3  4  5  6  7  8  9 10 |
---------------+-------------------------------+-----
Dodging        | 1 2 3 4 |  4.3
Armour         | 2 3 4 5 6 |  6.0
Fighting       | 4 5 6 |  6.6
Staves         | 1 |  1.6
Stealth        | 1 2 6 |  6.8
Axes           | 4 5 6 8 9 |  9.3
Shields        | 1 2 |  2.0
Crossbows      | 1 |  1.2

Action                   |  1- 3 |  4- 6 |  7- 9 | 10-12 || total
-------------------------+-------+-------+-------+-------++-------
Melee: Hand axe          |    69 |   171 |   267 |       ||   507
       Quarterstaff      |       |    53 |       |       ||    53
       Battleaxe         |       |       |    88 |    75 ||   163
       War axe           |       |       |    37 |       ||    37
 Fire: Hand crossbow     |       |       |     8 |       ||     8
 Abil: Spit Poison       |     4 |     7 |     4 |     5 ||    20
  Use: Scroll            |     1 |     5 |    12 |     1 ||    19
       Potion            |       |     2 |     7 |     2 ||    11
 Stab: Paralysed         |       |     2 |       |       ||     2
       Petrified         |       |       |    19 |       ||    19
       Invisible         |       |       |     3 |       ||     3
       Distracted        |       |       |       |     1 ||     1
Armor: Leather armour    |    27 |    55 |       |       ||    82
       Troll leather arm |       |    36 |       |       ||    36
       Scale mail        |       |    39 |   268 |    70 ||   377
Dodge: Dodged            |    57 |   196 |   312 |    69 ||   634
Block: Buckler           |       |    30 |    60 |       ||    90

Table legend: (Time is in decaauts)
 A = Elapsed time spent in this place.
 B = Non-inter-level travel time spent in this place.
 C = Inter-level travel time spent in this place.
 D = Time resting spent in this place.
 E = Time spent auto-exploring this place.
 F = Levels seen in this place.
 G = Mean time per level.
                   A        B        C        D        E       F      G
               +--------+--------+--------+--------+--------+-----+--------+
         Total |  12135 |  12135 |      0 |   2305 |      4 |  12 | 1011.2 |
       Dungeon |  11441 |  11441 |      0 |   2252 |      4 |  10 | 1144.1 |
        Temple |    321 |    321 |      0 |      0 |      0 |   1 |  321.0 |
         Sewer |    372 |    372 |      0 |     53 |      0 |   1 |  372.0 |
               +--------+--------+--------+--------+--------+-----+--------+

Top non-repeatable levels by time:
     D:6: 2028 daAuts
     D:5: 1913 daAuts
     D:7: 1617 daAuts
     D:4: 1551 daAuts
     D:3: 1274 daAuts
     D:2: 1157 daAuts
     D:1: 1070 daAuts
    D:10: 744 daAuts
   Sewer: 372 daAuts
  Temple: 321 daAuts
    D:11: 59 daAuts
     D:8: 25 daAuts
